 Dungeon Sprint DCSS version 0.22.1-1-ga44c0e56f4 (webtiles) character file.

32 MuseOD the Sneak (level 3, -6/18 HPs)
             Began as a Spriggan Enchanter on Sept 28, 2018.
             Mangled by a water elemental (19 damage)
             ... in the Dungeon (Sprint III: "The Ten Rune Challenge").
             The game lasted 00:01:22 (156 turns).

MuseOD the Sneak (Spriggan Enchanter)                Turns: 156, Time: 00:01:22

Health: -6/18      AC:  2    Str:  4    XL:     3   Next: 10%
Magic:  8/8        EV: 18    Int: 17    God:
Gold:   19         SH:  0    Dex: 16    Spells: 1/7 levels left

rFire    . . .     SeeInvis +   c - +3 dagger
rCold    . . .     Gourm    .   (shield restricted)
rNeg     . . .     Faith    .   b - +0 robe
rPois    .         Spirit   .   (helmet restricted)
rElec    .         Reflect  .   (no cloak)
rCorr    .         Harm     .   (gloves unavailable)
MR       .....     NoTele   +   (boots unavailable)
Stlth    +++.......             (no amulet)
HPRegen  0.06/turn              (no ring)
MPRegen  0.11/turn              (no ring)

@: very quick
A: very small, unfitting armour, see invisible, herbivore, speed 3, slow
metabolism 2
a: no special abilities


You were in the Dungeon.
You were not hungry.

You visited 1 branch You collected 19 gold pieces.

Inventory:

Hand Weapons
 a - a +1 dagger
 c - a +3 dagger (weapon)
Armour
 b - a +0 robe (worn)
Scrolls
 j - a scroll of blinking
 l - a scroll of holy word {unknown}
 m - 3 scrolls of identify
 n - a scroll of magic mapping {unknown}
 p - a scroll of immolation {unknown}
 q - 2 scrolls of remove curse
Potions
 e - 2 potions of curing
 f - 3 potions of heal wounds
 g - a potion of haste
 h - 2 potions of magic
 i - a potion of berserk rage
 k - 2 potions of mutation {unknown}
 o - 2 potions of flight
 r - a potion of might {unknown}
Comestibles
 d - 3 rations


   Skills:
 + Level 2.2 Fighting
 * Level 4.8 Short Blades
 - Level 3.0 Dodging
 + Level 6.5 Stealth
 - Level 2.6 Spellcasting
 - Level 3.6 Hexes


You had one spell level left.
You knew the following spells:

 Your Spells              Type           Power        Failure   Level  Hunger
a - Corona                Hex            ##.....      4%          1    #......
b - Ensorcelled Hibernat  Hex/Ice        #.....       13%         2    ##.....
c - Confuse               Hex            ##......     12%         3    ###....

Your spell library contained the following spells:

 Spells                   Type           Power        Failure   Level  Hunger
 Tukima's Dance           Hex            ##......     12%         3    ###....
 Dazzling Spray           Conj/Hex       #.....       26%         3    ###....


Dungeon Overview and Level Annotations

Branches:
Dungeon (1/1)

Altars:


Innate Abilities, Weirdness & Mutations

You are very small and have problems with some larger weapons.
You are too small for most types of armour.
You have supernaturally acute eyesight. (SInv)
You are a herbivore.
You cover ground extremely quickly.
You need to consume almost no food.


Message History

You open the door.
A water elemental comes into view.
There is an open door to the Ecumenical Temple here.
Casting: Ensorcelled Hibernation (safe; 13% risk of failure)
Confirm with . or Enter, or press ? or * to list all spells.
You can't see any susceptible monsters within range! (Use Z to cast anyway.)
The water elemental hits you.
There is an open door to the Ecumenical Temple here.
There's a creature in the doorway!
There is a fountain of clear blue water here.
The water elemental closely misses you.
There is a fountain of clear blue water here.
There is an open door to the Ecumenical Temple here.
The water elemental misses you.
There is an open door to the Ecumenical Temple here.
There's a creature in the doorway!
There is a fountain of clear blue water here.
The water elemental hits you!!
Ouch! That really hurt!
You die...

▓▓▓▓▓ ▓▓▓ #(..#### ##.#
#......#####..#
#.......#..#..#
##.##..†#..#..###+#+###+##
##†###..##'#..#..........#
###.##..###...'.⌠........#
#..##..####...#.E.######+#
...##†.###....#.@.#
..##...##.....#...#
.##....#......#+###
###..##.#.....# # #..
####....# ▓ ▓▓▓ ▓▓▓▓▓▓


You could see a water elemental.

Vanquished Creatures
  A human (D)
  2 oozes (D)
  A phantom (D)
  2 rats (D)
6 creatures vanquished.

Vanquished Creatures (others)
  4 hellions (D)
  A yaktaur (D)
5 creatures vanquished.

Grand Total: 11 creatures vanquished

Notes
Turn   | Place    | Note
-------+----------+-------------------------------------------
     0 | D        | MuseOD the Spriggan Enchanter began the quest for the Orb.
     0 | D        | Reached XP level 1. HP: 9/9 MP: 5/5
    10 | D        | Reached skill level 1 in Fighting
    10 | D        | Reached skill level 5 in Stealth
    12 | D        | Reached XP level 2. HP: 14/14 MP: 6/6
    56 | D        | Killed a yaktaur
    69 | D        | Learned a level 2 spell: Ensorcelled Hibernation
    72 | D        | Reached skill level 6 in Stealth
    72 | D        | Reached XP level 3. HP: 18/18 MP: 5/8
    77 | D        | Learned a level 3 spell: Confuse
   109 | D        | Noticed a water elemental
   145 | D        | Killed a hellion
   147 | D        | Killed a hellion
   147 | D        | Killed a hellion
   149 | D        | Killed a hellion
   156 | D        | Mangled by a water elemental

Skill      XL: |  1  2 |
---------------+-------+-----
Fighting       | 1 2 |  2.2
Short Blades   | 3 4 |  4.8
Stealth        | 5 6 |  6.5
Dodging        | |  3.0
Spellcasting   | |  2.6
Hexes          | |  3.6

Action                   || total
-------------------------++-------
Melee: Dagger            ||    11
 Cast: Ensorcelled Hiber ||     1
 Stab: Sleeping          ||     5
Dodge: Dodged            ||     5
